 Dungeon Crawl Stone Soup version 0.28-a0-537-g3bccd9ccbf (webtiles) character file.

Game seed: 14101758968337420642

31783 FlameOut the Thaumaturge (level 13, -10/90 HPs)
             Began as a Djinni Fire Elementalist on Sept 27, 2021.
             Was the Champion of Cheibriados.
             Killed from afar by a bog body (19 damage)
             ... with a bolt of cold
             ... on level 4 of the Lair of Beasts.
             The game lasted 01:11:44 (18293 turns).

FlameOut the Thaumaturge (DjFE)                    Turns: 18293, Time: 01:11:44

Health: -10/90     AC: 10    Str: 26    XL:     13   Next: 99%
Gold:   448        EV: 21    Int: 39    God:    Cheibriados [******] SH: 13 Dex: 38

rFire   + + +      SeeInvis +   P - +6 rapier "Bouficix" {protect, *Slow Str+7 Dex+3}
rCold   + . .      Faith    .   I - +0 buckler
rNeg    . . .      Spirit   .   T - +0 ring mail of the Slorg {rElec Str-3 Int+3 Dex+3}
rPois   ∞          Reflect  +   e - +0 helmet {SInv}
rElec   +          Harm     .   y - scarf {rC+ rF+}
rCorr   .          Rampage  .   f - +1 pair of gloves
Will    +....                   (boots unavailable)
Stlth   +++.......              g - amulet of reflection
HPRegen 0.25/turn               L - ring of protection from cold
MPRegen 0.00/turn               m - ring of Noluarecw {Dex+2 SInv}

@: flying, slowed, very slow
A: sickness immunity, fire resistance 2, cold vulnerability 1, float, innate
caster, hp casting, extra vitality 1
a: Renounce Religion, Bend Time, Temporal Distortion, Slouch, Step From Time


You were on level 4 of the Lair of Beasts.
You worshipped Cheibriados.
Cheibriados was exalted by your worship.
You visited 3 branches of the dungeon, and saw 13 of its levels.
You also visited: Ossuary and Gauntlet.

You collected 956 gold pieces.
You spent 508 gold pieces at shops.

Inventory:

Hand Weapons
 h - a +0 dagger
 q - a +3 flail of holy wrath
 w - a +2 dagger of electrocution
 C - the +10 rapier of the Disturbing Eyes {speed, rF+ Dex+2}
   (You took it off a minotaur in a Gauntlet)

   Attacks with this weapon are significantly faster.
   Dex:       It affects your dexterity (+2).
   rF:        It protects you from fire.
   Cheibriados disapproves of the use of such an item.
 M - the +11 flail "Gusey" {elec, *Noise Fly Stlth+}
   (You found it on level 8 of the Dungeon)

   It occasionally discharges a powerful burst of electricity upon striking a
   foe.
   Fly:       It grants you flight.
   *Noise:    It may make noises in combat.
   Stlth:     It makes you more stealthy.
 P - the +6 rapier "Bouficix" (weapon) {protect, *Slow Str+7 Dex+3}
   (You found it on level 8 of the Dungeon)

   It grants its wielder temporary protection when it strikes (+7 to AC).
   Str:       It affects your strength (+7).
   Dex:       It affects your dexterity (+3).
   *Slow:     It may slow you when you take damage.
Missiles
 b - 280 stones
 p - a throwing net
Armour
 a - a +0 robe
 e - a +0 helmet of see invisible (worn)
 f - a +1 pair of gloves (worn)
 y - a scarf of resistance (worn)
 I - a +0 buckler (worn)
 R - a +0 kite shield of reflection
 T - the +0 ring mail of the Slorg (worn) {rElec Str-3 Int+3 Dex+3}
   (You found it in a Gauntlet)

   Str:       It affects your strength (-3).
   Int:       It affects your intelligence (+3).
   Dex:       It affects your dexterity (+3).
   rElec:     It insulates you from electricity.
 Y - a +1 robe of cold resistance
Magical Staves
 r - a staff of death
Jewellery
 g - an amulet of reflection (around neck)
 m - the ring of Noluarecw (right hand) {Dex+2 SInv}
   (You found it in an ossuary)

   [ring of see invisible]

   Dex:       It affects your dexterity (+2).
   SInv:      It lets you see invisible.
 x - the ring of Laohor {rF+ MP+9 Str+6 Dex+2}
   (You took it off a minotaur in a Gauntlet)

   [ring of strength]

   Str:       It affects your strength (+6).
   Dex:       It affects your dexterity (+2).
   rF:        It protects you from fire.
   MP:        It affects your magic capacity (+9).
 B - a ring of protection from fire
 L - a ring of protection from cold (left hand)
 V - an amulet of the acrobat
 W - a ring of ice
Wands
 k - a wand of flame (17)
 v - a wand of polymorph (7)
 O - a wand of iceblast (15)
Scrolls
 d - 6 scrolls of blinking
 i - 3 scrolls of fear
 n - 2 scrolls of immolation
 o - 3 scrolls of enchant armour
 t - 2 scrolls of identify
 A - 2 scrolls of enchant weapon
 D - 2 scrolls of torment
 E - 4 scrolls of teleportation
 F - a scroll of silence
 J - a scroll of summoning
 K - 3 scrolls of fog
 X - a scroll of magic mapping
Potions
 c - 5 potions of heal wounds
 j - 10 potions of curing
 l - 2 potions of mutation
 s - a potion of berserk rage
 u - 2 potions of attraction
 z - 3 potions of lignification
 G - 2 potions of might
 H - 3 potions of ambrosia
 Q - 2 potions of haste
Miscellaneous
 N - a tin of tremorstones (2/2)
 S - a piece from Xom's chessboard (15/15)
 U - a box of beasts (inert)


   Skills:
 * Level 7.3 Fighting
 + Level 3.2 Maces & Flails
 * Level 6.9 Armour
 * Level 7.5 Dodging
 + Level 4.0 Stealth
 * Level 4.9 Shields
 * Level 13.5 Spellcasting
 * Level 5.2 Invocations


You had 6 spell levels left.
You knew the following spells:

 Your Spells              Type           Power      Damage    Failure   Level
a - Foxfire               Conj/Fire      100%       2x1d9     0%          1
b - Scorch                Fire           100%       2d10      0%          2
c - Conjure Flame         Conj/Fire      93%        6-21      1%          3
d - Inner Flame           Hex/Fire       93%        N/A       1%          3
e - Flame Wave            Conj/Fire      93%        3d15      1%          4
f - Animate Skeleton      Necr           100%       N/A       0%          1
g - Poisonous Vapours     Pois/Air       100%       N/A       0%          2
h - Summon Guardian Gole  Hex/Summ       93%        N/A       1%          3
i - Hailstorm             Conj/Ice       93%        3d18      1%          4
j - Borgnjor's Vile Clut  Necr/Erth      46%        N/A       1%          5
k - Summon Mana Viper     Hex/Summ       93%        N/A       1%          5
Your spell library was empty.

Dungeon Overview and Level Annotations

Branches:
Dungeon (8/15)             Temple (1/1) D:7            Lair (4/6) D:8
  Swamp (0/4) Lair:4       Spider (0/4) Lair:3      Ossuary (visited)
Gauntlet (visited)

Altars:
Ashenzari
Cheibriados
Dithmenos
Elyvilon
Fedhas
Gozag
Hepliaklqana
Kikubaaqudgha
Makhleb
Nemelex Xobeh
Okawaru
Qazlal
Ru
Sif Muna
Trog
Uskayaw
Vehumet
Wu Jian
Xom
Yredelemnul
Zin
The Shining One

Shops:
D:3 *   D:8 !***


Innate Abilities, Weirdness & Mutations

You are immune to sickness and miasma.
You are immune to poison.
Your flesh is very heat resistant. (rF++)
You are vulnerable to cold. (rC-)
You float through the air rather than walking.
You learn spells naturally, not from books.
Your magical power is your life essence.
You have superior vitality. (+4 HP)


Message History

Aim: a yak (severely wounded, very poisoned, chance to affect: 99%)
The yak is filled with an inner flame.
* * * LOW HITPOINT WARNING * * *
Flame seeps out of the yak.
The yak is engulfed in blazing flames.
Cheibriados thoroughly appreciates the change of pace.
The yak explodes!
The tree burns like a torch!
You hear a bellow! x2
Found a staircase to the Swamp.
An electric eel and 2 bog bodies come into view.
The electric eel shoots out a bolt of lightning at you!
The bolt of electricity misses you. The bolt of electricity hits you.
You resist.
* * * LOW HITPOINT WARNING * * *
The yak is engulfed in blazing flames.
The electric eel moves out of view.
The bog body moves out of view.
Unknown command.
Cheibriados thoroughly appreciates the change of pace.
You feel a bit more experienced.
The yak is engulfed in blazing flames. x2
You kill the yak!
Cheibriados appreciates the change of pace.
The bog body is engulfed in blazing flames.
The bog body gestures at you while chanting.
You resist with some effort.
The bog body is engulfed in blazing flames.
The bog body casts a spell at you.
You feel yourself slow down.
Casting: Inner Flame (safe; 1% risk of failure)
Confirm with . or Enter, or press ? or * to list all spells.
Casting: Hailstorm (safe; 1% risk of failure)
Press: ? - help, Dir - look around, f - activate A cannonade of hail descends around you!
The hail pelts the fungus!!
The fungus begins to die.
The fungus is lightly damaged.
The hail pelts the bog body!
The bog body partially resists.
The bog body is almost destroyed.
* * * LOW HITPOINT WARNING * * *
The bog body gestures at you while chanting.
The bolt of cold hits you!! You resist.
You die...

#.# ##..#######
#.###....##.#.##
#..###.........#
####.## ##.........
#.#..♣ ♣♣♣♣♣♣♣...
##..♣♣♣♣♣♣♣♣♣ ♣♣♣♣
##..♣♣ ≈≈§♣≈≈ #P..♣
§§§.. ###@♣ .§§♣.♣.
##.♣♣ ≈n♣≈≈≈≈
#..n♣♣...♣ ♣♣♣♣
##..n....♣♣♣♣♣♣♣...
###.P#.....Y......
####.P.#........
####......H§†
#...........
#...........


You could see 2 bog bodies.

Vanquished Creatures
  A minotaur (Gauntlet)
  Fannar (Lair:3)
  2 tengu warriors (Gauntlet)
  The ghost of IdlyInterested the Cruncher, a novice DsGl of Makhleb (Lair:1)
  A bog body (Lair:4)
  Pikel (D:6)
  Joseph (D:8)
  12 elephants
  3 black mambas (Lair:4)
  11 cane toads
  A torpor snail (Lair:4)
  A rime drake (Lair:1)
  4 komodo dragons
  2 tengu conjurers (Gauntlet)
  4 meliai (Lair:4)
  A polar bear (Lair:2)
  2 hornets (D:8)
  2 raiju (Gauntlet)
  15 blink frogs
  4 wyverns
  17 yaks
  3 basilisks
  2 steam dragons
  3 wargs
  10 water moccasins
  An acid dragon (D:8)
  2 orc warriors
  3 sky beasts
  A black bear (D:6)
  2 necrophages
  5 ogres
  12 wolves
  2 centaurs (D:8)
  2 phantoms
  A kobold brigand (D:7)
  11 bullfrogs
  13 scorpions
  A water moccasin zombie (D:5)
  A jelly (D:7)
  3 water moccasin skeletons
  14 killer bees (Lair:4)
  10 wights
  3 howler monkeys
  An electric eel (Lair:4)
  8 crimson imps (D:8)
  2 centaur zombies
  2 human zombies (Ossuary)
  A hound (D:6)
  2 bullfrog skeletons (D:6)
  5 orc priests
  2 iguanas
  4 orc wizards
  A lightning spire (Gauntlet)
  4 scorpion zombies (Ossuary)
  A killer bee zombie (D:5)
  A hound skeleton (D:5)
  3 mummies (Ossuary)
  Robin (D:4)
  A howler monkey zombie (D:8)
  9 gnolls
  A howler monkey skeleton (D:4)
  7 adders
  2 white imps
  An ufetubus (D:6)
  2 worms (D:2)
  3 dart slugs
  29 orcs
  10 ball pythons
  6 bats
  5 endoplasms
  6 giant cockroaches
  18 goblins
  12 hobgoblins
  9 jackals
  4 quokkas
  A frilled lizard (D:1)
  A gnoll zombie (Ossuary)
  3 goblin zombies (Ossuary)
  12 kobolds
  2 kobold zombies (Ossuary)
  A quokka skeleton (D:4)
  A quokka zombie (D:6)
  4 rats
  A rat zombie (D:6)
  A bush (Lair:1)
382 creatures vanquished.

Vanquished Creatures (collateral kills)
  A boulder beetle (Lair:3)
  A cane toad (Lair:3)
  An orc wizard (D:6)
  A worm (Lair:3)
  3 foxfires
7 creatures vanquished.

Vanquished Creatures (others)
  678 foxfires
  26 fungi
  36 plants
740 creatures vanquished.

Grand Total: 1129 creatures vanquished

Notes
Turn   | Place    | Note
-------+----------+-------------------------------------------
     0 | D:1      | FlameOut the Djinni Fire Elementalist began the quest for
                  | the Orb.
     0 | D:1      | Reached XP level 1. HP: 15/15 MP: 0/0
   213 | D:1      | Reached XP level 2. HP: 13/21 MP: 0/0
   721 | D:1      | Reached skill level 3 in Spellcasting
   755 | D:1      | Reached XP level 3. HP: 20/25 MP: 0/0
   755 | D:1      | Learned a level 1 spell: Animate Skeleton
  1416 | D:1      | You are sucked into a shaft and drop 1 floor!
  1425 | D:2      | Reached XP level 4. HP: 23/31 MP: 0/0
  2434 | D:3      | Found Seerez's Assorted Antiques.
  2446 | D:3      | Bought a scroll labelled EWIGHI OGESCH for 22 gold pieces
  2446 | D:3      | Bought a scroll labelled TEUHIUM LAACIH for 22 gold pieces
  2569 | D:3      | Reached XP level 5. HP: 28/36 MP: 0/0
  2569 | D:3      | Learned a level 2 spell: Poisonous Vapours
  2743 | D:3      | Reached skill level 4 in Spellcasting
  2933 | D:3      | Reached skill level 1 in Fighting
  2940 | D:3      | Reached XP level 6. HP: 15/42 MP: 0/0
  4037 | D:4      | Noticed Robin
  4051 | D:4      | Killed Robin
  4862 | D:4      | Reached skill level 1 in Armour
  4862 | D:4      | Reached skill level 5 in Spellcasting
  4862 | D:4      | Reached XP level 7. HP: 25/47 MP: 0/0
  4862 | D:4      | Learned a level 3 spell: Summon Guardian Golem
  6368 | D:5      | Entered Level 5 of the Dungeon
  6479 | D:5      | Reached XP level 8. HP: 51/54 MP: 0/0
  6503 | D:5      | Reached skill level 6 in Spellcasting
  7125 | D:5      | Reached skill level 7 in Spellcasting
  7187 | D:5      | Reached XP level 9. HP: 41/59 MP: 0/0
  7187 | D:5      | Learned a level 4 spell: Hailstorm
  7354 | D:5      | Reached skill level 1 in Maces & Flails
  7583 | D:6      | Noticed Pikel
  7592 | D:6      | Killed Pikel
  7677 | D:6      | Found a sand-covered staircase.
  7783 | Ossuary  | Entered an ossuary
  7860 | Ossuary  | Reached skill level 8 in Spellcasting
  8226 | Ossuary  | Identified the ring of Noluarecw {Dex+2 SInv}
  8259 | Ossuary  | Reached XP level 10. HP: 55/67 MP: 0/0
  9427 | D:7      | Found the +3 giant club "Skullcrusher" {speed, Str+7}
  9800 | D:7      | Found a staircase to the Ecumenical Temple.
  9809 | Temple   | Entered the Ecumenical Temple
  9949 | Temple   | Became a worshipper of Cheibriados the Contemplative
  9996 | D:7      | Reached skill level 5 in Dodging
 10187 | D:7      | Reached skill level 9 in Spellcasting
 10532 | D:8      | Found Joint's General Store.
 10544 | D:8      | Reached * piety under Cheibriados
 10879 | D:8      | Found Bairr's Distillery.
 10879 | D:8      | Found Teroxt's General Store.
 10934 | D:8      | Bought a potion of heal wounds for 80 gold pieces
 10934 | D:8      | Bought a scroll of fog for 32 gold pieces
 10944 | D:8      | Found a staircase to the Lair.
 10957 | D:8      | Bought a potion of heal wounds for 70 gold pieces
 10957 | D:8      | Bought a potion of lignification for 42 gold pieces
 10968 | D:8      | Reached skill level 1 in Invocations
 10971 | D:8      | Reached skill level 1 in Shields
 11098 | D:8      | Found a blossoming altar of Fedhas.
 11132 | D:8      | Identified the +11 flail "Gusey" {elec, *Noise Fly Stlth+}
 11162 | D:8      | Reached XP level 11. HP: 70/74 MP: 0/0
 11162 | D:8      | Learned a level 5 spell: Borgnjor's Vile Clutch
 11227 | D:8      | Reached ** piety under Cheibriados
 11350 | D:8      | Bought a potion of curing for 36 gold pieces
 11350 | D:8      | Bought a potion of curing for 36 gold pieces
 11350 | D:8      | Bought a potion of curing for 36 gold pieces
 11482 | D:8      | Noticed Joseph
 11489 | D:8      | Killed Joseph
 11490 | D:8      | Reached skill level 5 in Fighting
 11497 | D:8      | Reached skill level 10 in Spellcasting
 11705 | D:8      | Identified the +6 rapier "Bouficix" {protect, *Slow Str+7
                  | Dex+3}
 11771 | D:8      | Found Ticimeg's Assorted Antiques.
 11777 | D:8      | Bought a fuming black potion for 30 gold pieces
 11777 | D:8      | Bought a scroll labelled MEYMOVISIL for 34 gold pieces
 11777 | D:8      | Bought a scroll labelled MEYMOVISIL for 34 gold pieces
 11829 | Lair:1   | Entered Level 1 of the Lair of Beasts
 11954 | D:8      | Bought a scroll labelled VIMAMO FUANGY for 34 gold pieces
 12046 | Lair:1   | Reached skill level 5 in Armour
 12556 | Lair:1   | Found a runed translucent gate.
 12556 | Lair:1   | Found a runed translucent gate.
 12556 | Lair:1   | Found a runed translucent gate.
 12557 | Lair:1   | Noticed IdlyInterested's ghost (novice DsGl)
 12966 | Lair:1   | Reached *** piety under Cheibriados
 12980 | Lair:1   | Reached skill level 11 in Spellcasting
 12983 | Lair:1   | Reached XP level 12. HP: 32/81 MP: 0/0
 13524 | Lair:1   | Killed IdlyInterested's ghost
 14224 | Lair:2   | Reached **** piety under Cheibriados
 15077 | Lair:3   | Found a gate leading to a gauntlet.
 15085 | Lair:3   | Reached skill level 12 in Spellcasting
 15217 | Gauntlet | Entered a Gauntlet
 15217 | Gauntlet | Found a transporter.
 15217 | Gauntlet | Found a transporter.
 15221 | Gauntlet | Found a transporter.
 15221 | Gauntlet | Found a transporter.
 15232 | Gauntlet | Found a transporter.
 15236 | Gauntlet | Found a transporter.
 15237 | Gauntlet | Found a large runed translucent door.
 15238 | Gauntlet | Found a large runed translucent door.
 15238 | Gauntlet | Noticed a fire crab
 15239 | Gauntlet | Found a large runed translucent door.
 15240 | Gauntlet | Found a runed translucent gate.
 15241 | Gauntlet | Found a large runed translucent door.
 15241 | Gauntlet | Found a transporter.
 15241 | Gauntlet | Found a runed translucent gate.
 15241 | Gauntlet | Found a transporter.
 15242 | Gauntlet | Found a runed translucent gate.
 15243 | Gauntlet | Found a large runed translucent door.
 15244 | Gauntlet | Found a large runed translucent door.
 15245 | Gauntlet | Found a large runed translucent door.
 15260 | Gauntlet | Noticed a tengu warrior
 15275 | Gauntlet | Noticed a tengu warrior
 15287 | Gauntlet | Found a transporter.
 15323 | Gauntlet | Found a transporter.
 15343 | Gauntlet | Found a transporter.
 15351 | Gauntlet | Found a transporter.
 15433 | Gauntlet | Found a transporter.
 15444 | Gauntlet | Found a transporter.
 15458 | Gauntlet | Found a transporter.
 15471 | Gauntlet | Found a transporter.
 15473 | Gauntlet | Found a large runed translucent door.
 15474 | Gauntlet | Found a large runed translucent door.
 15475 | Gauntlet | Found a large runed translucent door.
 15475 | Gauntlet | Found a large runed translucent door.
 15475 | Gauntlet | Found a runed translucent door.
 15475 | Gauntlet | Found a runed translucent door.
 15475 | Gauntlet | Found a large runed translucent door.
 15475 | Gauntlet | Found a large runed translucent door.
 15476 | Gauntlet | Found a large runed translucent door.
 15476 | Gauntlet | Found a large runed translucent door.
 15477 | Gauntlet | Found a large runed translucent door.
 15545 | Gauntlet | Killed a tengu warrior
 15598 | Gauntlet | Killed a tengu warrior
 15653 | Gauntlet | Reached XP level 13. HP: 71/88 MP: 0/0
 15653 | Gauntlet | Learned a level 5 spell: Summon Mana Viper
 15751 | Gauntlet | Identified the +10 rapier of the Disturbing Eyes {speed,
                  | rF+ Dex+2}
 15751 | Gauntlet | Identified the ring of Laohor {rF+ MP+9 Str+6 Dex+2}
 15751 | Gauntlet | Noticed a minotaur
 15757 | Gauntlet | Killed a minotaur
 15765 | Gauntlet | Identified the +0 ring mail of the Slorg {rElec Str-3 Int+3
                  | Dex+3}
 15967 | Lair:3   | Noticed Fannar
 15972 | Lair:3   | Killed Fannar
 15978 | Lair:3   | Reached ***** piety under Cheibriados
 15984 | Lair:3   | Noticed a boulder beetle
 15996 | Lair:3   | Killed a boulder beetle
 16424 | Lair:3   | Reached skill level 13 in Spellcasting
 16630 | Lair:3   | Found a hole to the Spider Nest.
 17523 | Lair:4   | Reached skill level 5 in Invocations
 18149 | Lair:4   | Reached ****** piety under Cheibriados
 18288 | Lair:4   | Found a staircase to the Swamp.
 18293 | Lair:4   | Killed from afar by a bog body

Illustrated notes

Levels and vault maps discovered:
D:1:      lightli_arrival_quake, layout_basic, hangedman_decor_clover_reticule,
          minmay_misc_feat_iff, minmay_hexomino_f4
D:2:      layout_loops_ring
D:3:      layout_basic, serial_shops, nicolae_shop_crystal, st_stairs_13
D:4:      minmay_chambers_of_fours, layout_loops_corners, st_stairs_5,
          uniq_robin
D:5:      layout_rooms, minmay_puff
D:6:      layout_gridville, enter_ossuary_4, uniq_pikel
D:7:      layout_gridville, minmay_temple_entry_statues_fountains
D:8:      layout_gridville, fedhas_altar_3, erik_lair_orcish_takeover,
          serial_shops, shop, shop, shop, shop, chequers_serial_rivers_marsh,
          minmay_nine_imps, uniq_joseph
Temple:   kilobyte_greek_temple
Lair:1:   layout_small_grid, ebering_ghost_rock_garden, grunt_megastairs_4
Lair:2:   layout_loops_ring, minivault_23
Lair:3:   layout_small_grid, nicolae_spider_entry_non_spiders,
          gauntlet_entry_generic, lemuel_fruit_fields, serial_bayou_shore_a,
          infiniplex_staircase_pool_2, uniq_fannar
Lair:4:   regret_index_combs_of_tragedy, layout_cave_pods,
          nicolae_swamp_entry_splash_gauntlet

Skill      XL: |  1  2  3  4  5  6  7  8  9 10 11 12 13 |
---------------+----------------------------------------+-----
Spellcasting   | 3 4 5 7 8 9 11 12 13 | 13.5
Fighting       | 1 2 3 4 5 6 7 |  7.3
Dodging        | 3 4 5 6 7 |  7.5
Stealth        | 2 3 4 |  4.0
Armour         | 1 2 3 4 5 6 |  6.9
Maces & Flails | 2 3 |  3.2
Invocations    | 1 2 4 5 |  5.2
Shields        | 1 2 3 4 |  4.9

Action                   |  1- 3 |  4- 6 |  7- 9 | 10-12 | 13-15 || total
-------------------------+-------+-------+-------+-------+-------++-------
Melee: Unarmed           |     2 |       |       |       |       ||     2
       Dagger            |       |     8 |    14 |     1 |       ||    23
       Flail             |       |     1 |    45 |     6 |       ||    52
       Rapier            |       |       |       |     3 |       ||     3
 Cast: Foxfire           |    51 |    52 |    57 |   185 |    47 ||   392
       Scorch            |     8 |    46 |    45 |    48 |    20 ||   167
       Inner Flame       |     1 |     7 |    14 |    68 |    32 ||   122
       Animate Skeleton  |     1 |       |       |       |       ||     1
       Poisonous Vapours |       |    12 |    19 |     4 |     2 ||    37
       Summon Guardian G |       |       |     1 |     4 |     2 ||     7
       Hailstorm         |       |       |       |    15 |    10 ||    25
       Borgnjor's Vile C |       |       |       |    16 |    16 ||    32
       Flame Wave        |       |       |       |     5 |     8 ||    13
       Summon Mana Viper |       |       |       |       |     4 ||     4
Evoke: Wand              |       |       |     1 |       |     2 ||     3
       Box of beasts     |       |       |       |       |     1 ||     1
  Use: Scroll            |       |       |    15 |    12 |     2 ||    29
       Potion            |       |       |     1 |     4 |     3 ||     8
 Stab: Sleeping          |       |       |     4 |       |       ||     4
Armor: Robe              |       |    11 |    14 |    11 |       ||    36
       Ring mail         |       |       |       |       |     4 ||     4
Dodge: Dodged            |     5 |    16 |    45 |    45 |    24 ||   135
Block: Other             |       |     4 |    16 |    17 |       ||    37
       Reflection        |       |       |       |     1 |       ||     1
       Buckler           |       |       |       |     1 |    17 ||    18

Table legend: (Time is in decaauts)
 A = Elapsed time spent in this place.
 B = Non-inter-level travel time spent in this place.
 C = Inter-level travel time spent in this place.
 D = Time resting spent in this place.
 E = Time spent auto-exploring this place.
 F = Levels seen in this place.
 G = Mean time per level.
                   A        B        C        D        E       F      G
               +--------+--------+--------+--------+--------+-----+--------+
         Total |  20757 |  20143 |    614 |   1667 |  15142 |  15 | 1383.8 |
       Dungeon |  11428 |  11033 |    395 |    928 |   8610 |   8 | 1428.5 |
        Temple |    188 |    154 |     34 |      0 |    122 |   1 |  188.0 |
          Lair |   7649 |   7465 |    184 |    410 |   6369 |   4 | 1912.2 |
       Ossuary |    616 |    616 |      0 |    269 |     41 |   1 |  616.0 |
      Gauntlet |    873 |    873 |      0 |     60 |      0 |   1 |  873.0 |
               +--------+--------+--------+--------+--------+-----+--------+

Top non-repeatable levels by time:
     D:4: 2455 daAuts
  Lair:1: 2182 daAuts
  Lair:3: 2137 daAuts
  Lair:2: 1861 daAuts
     D:1: 1511 daAuts
     D:3: 1481 daAuts
  Lair:4: 1468 daAuts
     D:7: 1368 daAuts
     D:6: 1265 daAuts
     D:8: 1239 daAuts
     D:5: 1189 daAuts
     D:2: 918 daAuts
Gauntlet: 873 daAuts
 Ossuary: 616 daAuts
  Temple: 188 daAuts
